 Dungeon Crawl Stone Soup version 0.21.1-1-g345015f (webtiles) character file.

286 jerryfan the Ducker (level 6, -1/50 HPs)
             Began as a Gnoll Wanderer on May 16, 2018.
             Slain by Grinder (10 damage)
             ... on level 4 of the Dungeon.
             The game lasted 00:13:15 (3512 turns).

jerryfan the Ducker (Gnoll Wanderer)                Turns: 3512, Time: 00:13:17

Health: -1/50      AC:  3    Str: 14 (17) XL:     6   Next: 30%
Magic:  11/11      EV: 14    Int: 14 (15) God:
Gold:   105        SH:  0    Dex: 11 (13) Spells: 11/11 levels left

rFire    . . .     SeeInvis .   a - +2 spear
rCold    . . .     Gourm    .   (no shield)
rNeg     . . .     Faith    .   d - +1 robe
rPois    .         Spirit   .   (no helmet)
rElec    .         Reflect  .   (no cloak)
rCorr    .         Harm     .   (no gloves)
MR       .....                  (no boots)
Stlth    ++........             (no amulet)
HPRegen  0.16/turn              (no ring)
MPRegen  0.12/turn              (no ring)

@: hasted, very quick
A: distributed training, fangs 1, strong nose
a: no special abilities


You were on level 4 of the Dungeon.
You were not hungry.

You visited 1 branch of the dungeon, and saw 4 of its levels.

You collected 105 gold pieces.

Inventory:

Hand Weapons
 a - a +2 spear (weapon)
 j - a -2 mace
 l - a +3 hunting sling of flaming
Missiles
 n - 47 stones (quivered)
 p - a throwing net
Armour
 d - a +1 robe (worn)
Scrolls
 c - 2 scrolls of teleportation
 e - 4 scrolls of identify
 i - a scroll of amnesia
 k - a scroll of enchant weapon
Potions
 b - a potion of mutation {unknown}
 g - a potion of invisibility
 m - a potion of curing
 o - a potion of cancellation {unknown}
 q - 2 potions of degeneration
Comestibles
 f - 8 rations


   Skills:
 + Level 4.9 Fighting
 + Level 1.8 Short Blades
 + Level 1.8 Long Blades
 + Level 1.8 Axes
 + Level 1.8 Maces & Flails
 + Level 1.8 Polearms
 + Level 1.8 Staves
 + Level 1.8 Slings
 + Level 1.8 Bows
 + Level 1.8 Crossbows
 + Level 1.8 Throwing
 + Level 1.8 Armour
 + Level 4.9 Dodging
 + Level 3.0 Stealth
 + Level 3.2 Shields
 + Level 1.8 Unarmed Combat
 + Level 3.3 Spellcasting
 + Level 1.4 Conjurations
 + Level 2.6 Hexes
 + Level 1.4 Charms
 + Level 1.4 Summonings
 + Level 1.4 Necromancy
 + Level 1.4 Translocations
 + Level 1.4 Transmutations
 + Level 1.4 Fire Magic
 + Level 1.4 Ice Magic
 + Level 1.4 Air Magic
 + Level 1.4 Earth Magic
 + Level 2.6 Poison Magic
 + Level 2.0 Invocations
 + Level 3.2 Evocations


You had 11 spell levels left.
You didn't know any spells.

Dungeon Overview and Level Annotations

Branches:
Dungeon (4/15)
 Temple: D:4-7

Altars:
Hepliaklqana
Nemelex Xobeh
Qazlal
Sif Muna
Uskayaw

Annotations:
D:4 Grinder


Innate Abilities, Weirdness & Mutations

Your experience applies equally to all skills.
You have very sharp teeth.
Your uncanny sense of smell can sniff out nearby items.


Message History

You can move again.
It was a potion of degeneration.
There was something very wrong with that liquid.
You feel weakened.
You feel dopey.
You feel clumsy.
The howler monkey hits you but does no damage.
Grinder misses you. The howler monkey closely misses you.
It was a potion of haste.
You feel yourself speed up. Grinder gestures at you.
You resist with significant effort. The howler monkey closely misses you.
You hit Grinder.
Grinder is heavily wounded.
Grinder closely misses you. The howler monkey hits you.
* * * LOW HITPOINT WARNING * * *
You hit Grinder.
Grinder is severely wounded.
You barely miss Grinder. You bite Grinder, but do no damage.
Grinder is severely wounded.
The howler monkey hits you but does no damage.
Grinder hits you!
You die...

#......####.................
#......# ########..........
##......###########.###......
#................>##.# #......
....##.#.##.........##.#........
... #.#.##.........##.#........
.. ..#.##.........##.%...#.... .
#.##.##.........#....#...... #.
..#.....@.[.........#....
..[....h.5.....# ##
...........(...## #.
.......%....(.... ####.
.......##......[# ##.... .......
#...(...# ###..(.. ......
##.....####÷<))#.. ....
......#÷..#.#.## ........###)###


You could see Grinder and a howler monkey.

Vanquished Creatures
  A howler monkey (D:4)
  An orc priest (D:4)
  Natasha (D:3)
  4 gnolls (D:2)
  6 adders
  2 worms
  2 leopard geckos (D:3)
  9 orcs
  2 giant cockroaches (D:1)
  10 goblins
  14 hobgoblins
  7 jackals
  4 ball pythons
  15 bats
  A frilled lizard (D:2)
  6 kobolds
  4 rats
  A plant (D:3)
90 creatures vanquished.

Notes
Turn   | Place    | Note
-------+----------+-------------------------------------------
     0 | D:1      | jerryfan the Gnoll Wanderer began the quest for the Orb.
     0 | D:1      | jerryfan set off with: a +2 spear, a potion of lignification, a scroll of teleportation, a +0 robe, a ration
     0 | D:1      | Reached XP level 1. HP: 20/20 MP: 4/4
   106 | D:1      | Reached XP level 2. HP: 25/26 MP: 5/5
   449 | D:1      | Reached XP level 3. HP: 30/31 MP: 7/7
   840 | D:2      | Found a sparkling altar of Nemelex Xobeh.
   958 | D:2      | Reached skill level 1 in Invocations
   964 | D:2      | Reached skill level 1 in Short Blades
   964 | D:2      | Reached skill level 1 in Long Blades
   964 | D:2      | Reached skill level 1 in Axes
   964 | D:2      | Reached skill level 1 in Maces & Flails
   964 | D:2      | Reached skill level 1 in Polearms
   964 | D:2      | Reached skill level 1 in Staves
   964 | D:2      | Reached skill level 1 in Slings
   964 | D:2      | Reached skill level 1 in Bows
   964 | D:2      | Reached skill level 1 in Crossbows
   964 | D:2      | Reached skill level 1 in Throwing
   964 | D:2      | Reached skill level 1 in Armour
   964 | D:2      | Reached skill level 1 in Unarmed Combat
   964 | D:2      | Reached XP level 4. HP: 30/38 MP: 8/8
  1126 | D:2      | Found a stormy altar of Qazlal.
  1270 | D:2      | Reached skill level 1 in Conjurations
  1270 | D:2      | Reached skill level 1 in Charms
  1270 | D:2      | Reached skill level 1 in Summonings
  1270 | D:2      | Reached skill level 1 in Necromancy
  1270 | D:2      | Reached skill level 1 in Translocations
  1270 | D:2      | Reached skill level 1 in Transmutations
  1270 | D:2      | Reached skill level 1 in Fire Magic
  1270 | D:2      | Reached skill level 1 in Ice Magic
  1270 | D:2      | Reached skill level 1 in Air Magic
  1270 | D:2      | Reached skill level 1 in Earth Magic
  1308 | D:2      | Found a deep blue altar of Sif Muna.
  1574 | D:2      | Reached XP level 5. HP: 41/43 MP: 9/9
  1624 | D:2      | Found a hide-covered altar of Uskayaw.
  2625 | D:3      | Found a hazy altar of Hepliaklqana.
  3053 | D:4      | Noticed Grinder
  3063 | D:4      | Noticed Natasha
  3073 | D:3      | Killed Natasha
  3073 | D:3      | Reached XP level 6. HP: 30/50 MP: 10/10
  3505 | D:4      | Paralysed by Grinder for 3 turns
  3512 | D:4      | Slain by Grinder

Skill      XL: |  1  2  3  4  5  6 |
---------------+-------------------+-----
Hexes          | 2 |  2.6
Poison Magic   | 2 |  2.6
Invocations    | 1 2 |  2.0
Short Blades   | 1 |  1.8
Long Blades    | 1 |  1.8
Axes           | 1 |  1.8
Maces & Flails | 1 |  1.8
Polearms       | 1 |  1.8
Staves         | 1 |  1.8
Slings         | 1 |  1.8
Bows           | 1 |  1.8
Crossbows      | 1 |  1.8
Throwing       | 1 |  1.8
Armour         | 1 |  1.8
Unarmed Combat | 1 |  1.8
Spellcasting   | 3 |  3.3
Conjurations   | 1 |  1.4
Charms         | 1 |  1.4
Summonings     | 1 |  1.4
Necromancy     | 1 |  1.4
Translocations | 1 |  1.4
Transmutations | 1 |  1.4
Fire Magic     | 1 |  1.4
Ice Magic      | 1 |  1.4
Air Magic      | 1 |  1.4
Earth Magic    | 1 |  1.4
Shields        | 3 |  3.2
Evocations     | 3 |  3.2
Stealth        | 3 |  3.0
Fighting       | |  4.9
Dodging        | |  4.9

Action                   |  1- 3 |  4- 6 || total
-------------------------+-------+-------++-------
Melee: Spear             |    46 |    80 ||   126
       Bite              |     1 |    22 ||    23
       Mace              |       |   102 ||   102
       Punch             |       |     1 ||     1
 Fire: Hunting sling     |    36 |    83 ||   119
Throw: Stone             |       |    32 ||    32
  Use: Scroll            |     1 |     5 ||     6
       Potion            |       |     4 ||     4
 Stab: Sleeping          |     4 |       ||     4
  Eat: Chunk             |       |     8 ||     8
Armor: Robe              |    13 |    36 ||    49
       Skin              |       |     9 ||     9
Dodge: Dodged            |    33 |   169 ||   202
